 Dungeon Crawl Stone Soup version 0.30-a0-845-g7c6808c8ce (webtiles) character file.

Game seed: 15257979254192406407

2 Esekla the Sneak (level 1, -2/16 HPs)
             Began as an Octopode Delver on Mar 3, 2023.
             Slain by Prince Ribbit (10 damage)
             ... on level 5 of the Dungeon.
             The game lasted 00:01:44 (139 turns).

Esekla the Sneak (Octopode Delver)                   Turns: 139, Time: 00:01:44

Health: -2/16      AC:  1    Str: 11    XL:     1   Next: 40%
Magic:  1/1        EV: 13    Int: 12    God:
Gold:   0          SH:  0    Dex: 13    Spells: 0/0 levels left

rFire   . . .      SeeInvis .    a - +0 falchion
rCold   . . .      Faith    .    (no shield)
rNeg    . . .      Spirit   .    (helmet restricted)
rPois   .          Reflect  .    (no amulet)
rElec   .          Rampage  .    g - ring of wizardry
rCorr   .                        (no ring)
Will    .....                    (no ring)
Stlth   ++++                     (no ring)
HPRegen 0.22/turn                (no ring)
MPRegen 0.07/turn                (no ring)
                                 (no ring)
                                 (no ring)

@: no status effects
A: almost no armour, amphibious, 8 rings, camouflage 1, gelatinous body 1,
(nimble swimmer 1), tentacles
a: no special abilities


You were on level 5 of the Dungeon.
You visited 1 branch of the dungeon, and saw 1 of its levels.

Inventory:

Hand Weapons
 a - a +0 falchion (weapon)
 c - a +0 dagger
Missiles
 h - 3 boomerangs (quivered)
Jewellery
 g - a ring of wizardry (left tentacle)
Wands
 f - a wand of digging (3)
Scrolls
 b - a scroll of fog
 d - 2 scrolls of fear
 i - a scroll of enchant weapon {unknown}
Potions
 e - a potion of haste


   Skills:
 + Level 3.0 Fighting
 + Level 2.0 Long Blades
 + Level 2.0 Dodging
 + Level 6.7 Stealth


You couldn't memorise any spells.
You didn't know any spells.
Your spell library was empty.

Dungeon Overview and Level Annotations

Branches:
Dungeon (5/15)
 Temple: D:4-7

Altars:

Annotations:
D:5 Prince Ribbit


Innate Abilities, Weirdness & Mutations

You cannot wear most types of armour.
You are amphibious.
You can wear up to eight rings at the same time.
Your skin changes colour to match your surroundings (Stealth+).
Your rubbery body absorbs attacks. (AC +1, EV +1)
((You are camouflaged when in or above water. (Stealth+)))
You have tentacles for arms and can constrict up to eight enemies at once.


Message History

The slug dart hits you.
You see here 4 stones.
The dart slug launches a dart at you. The slug dart hits you.
There is a stone staircase leading up here.
There is a stone staircase leading up here.
You hit the dart slug. You grab the dart slug.
The dart slug is severely wounded.
You constrict the dart slug. The dart slug closely misses you.
You hit the dart slug.
You kill the dart slug!
There is a stone staircase leading up here.
You start resting.
HP restored.
Okay, then.
c - a +0 dagger (weapon)
There is a stone staircase leading up here.
There is a stone staircase leading down here.
Found a scroll labelled IPHORE VULI.
i - a scroll labelled IPHORE VULI Search for what [? for help]? gold Unknown command.
You have 0 gold pieces.
Found a scroll of fear.
Found a golden potion.
d - 2 scrolls of fear (gained 1) Prince Ribbit and a phantom come into view.
Prince Ribbit croaks.
A shadow imp comes into view.
Prince Ribbit completely misses you.
a - a +0 falchion (weapon)
Prince Ribbit misses you.
You hit Prince Ribbit. Your grab misses Prince Ribbit.
Your squeeze misses Prince Ribbit.
Prince Ribbit is lightly wounded.
Prince Ribbit hits you!
Ouch! That really hurt!
Prince Ribbit hits you!
Ouch! That really hurt!
You die...

,,#...##.# **,,,* *
,,*...##.#**** ***,** *
+##..#*#>#.,,* *,,* *
....#* #.#..,*
********,**** ...#*
##.#...##* *,,,,,,,,,,**
...#
#..#.....######...,,<,**,,,
...#
#.##...W..W!.....5,,,,*****
#.##
#.#*,,,**#F#***,,,,,,,**,,,
#.#####.#*,,,* #@#
****,*****,,,
#.##....#***** #.# *,**
*,,, ..#.....# #.# *,,*
*,,, ........# ##.# **,**
*,,, ........# #..#
*,,***,,, ........# #.##
**,,**,,, ........# #.#
**,***** .......## #.#
*,**** .##....# #.# *,,,,*


You could see Prince Ribbit and a phantom.

Vanquished Creatures
  A dart slug (D:5)
1 creature vanquished.

Notes
Turn   | Place    | Note
-------+----------+-------------------------------------------
     0 | D:5      | Esekla the Octopode Delver began the quest for the Orb.
     0 | D:5      | Reached XP level 1. HP: 16/16 MP: 1/1
    37 | D:5      | Noticed a scorpion
   136 | D:5      | Noticed Prince Ribbit
   136 | D:5      | Noticed a phantom
   139 | D:5      | Slain by Prince Ribbit

Illustrated notes

Levels and vault maps discovered:
D:5:      layout_rooms, mainiacjoe_overflow_two_lobes, minmay_ogre_servants,
          uniq_prince_ribbit1

Action                     || total
---------------------------++-------
  Melee: Falchion          ||     3
         Constrict         ||     1
    Use: Scroll            ||     1
  Dodge: Dodged            ||     3

Table legend: (Time is in decaauts)
 A = Elapsed time spent in this place.
 B = Non-inter-level travel time spent in this place.
 C = Inter-level travel time spent in this place.
 D = Time resting spent in this place.
 E = Time spent auto-exploring this place.
 F = Levels seen in this place.
 G = Mean time per level.
                   A        B        C        D        E       F      G
               +--------+--------+--------+--------+--------+-----+--------+
         Total |    137 |    137 |      0 |     16 |      0 |   1 |  137.0 |
       Dungeon |    137 |    137 |      0 |     16 |      0 |   1 |  137.0 |
               +--------+--------+--------+--------+--------+-----+--------+

Top non-repeatable levels by time:
     D:5: 137 daAuts
